Map: [ESL] Moondance

Players

Maru - Winner!

  • Race: Terran Terran
  • Spawn Location: 6:00

Dark

  • Race: Zerg Zerg
  • Spawn Location: 12:00

Event: DreamHack SC2 Masters 2022 Valencia

VOD

https://youtu.be/eMSxm1bn1cA

Description

Time

  • Played on: July 3, 2022, 2:58 p.m.
  • Length: 17:20

All games in this series

Show
View Real Time Build Order
Export as new Build Order

Maru Terran - Winner!

Build Orders: Reaper Expand 

Get SALT Encoding   

  12  0:00  SCV  
  13  0:12  SCV  
  14  0:16  Supply Depot  
  14  0:24  SCV  
  15  0:38  SCV  
  15  0:39  Barracks  
  15  0:42  Refinery  
  16  0:50  SCV  
  17  1:02  SCV  
  18  1:14  SCV  
  19  1:25  Reaper  
  19  1:26  Orbital Command  
  20  1:37  Command Center  
  20  1:46  Supply Depot  
  20  1:52  SCV  
  21  1:57  Marine  
  22  2:02  Factory  
  22  2:06  SCV  
  23  2:13  Refinery  
  23  2:15  Marine  
  23  2:18  SCV  
  25  2:24  Bunker  
  25  2:30  SCV  
  27  2:42  SCV  
  28  2:48  Barracks Reactor  
  28  2:54  SCV  
  28  2:55  Starport  
  28  2:56  Orbital Command  
  28  3:07  SCV  
  28  3:12  Command Center  
  29  3:19  SCV  
  30  3:26  Hellion  
  31  3:31  SCV  
  30  3:36  Marine x2  
  31  3:45  Viking  
  33  3:51  SCV x2  
  35  3:56  Marine x2  
  35  3:58  Factory Tech Lab  
  37  4:06  Supply Depot  
  37  4:08  SCV x2  
  39  4:15  Marine x2  
  41  4:17  Siege Tank  
  41  4:20  SCV  
  44  4:24  Orbital Command  
  44  4:25  SCV  
  45  4:33  SCV  
  45  4:35  Supply Depot  
  45  4:37  SCV  
  47  4:45  SCV, Marine  
  48  4:46  Marine  
  48  4:49  SCV  
  48  4:51  SCV  
  52  4:57  SCV  
  52  4:59  Barracks  
  53  5:00  Barracks  
  53  5:01  SCV  
  53  5:04  SCV  
  55  5:09  SCV  
  55  5:12  Factory Reactor  
  55  5:14  Engineering Bay x2, SCV, Marine  
  57  5:16  SCV  
  57  5:18  Stimpack  
  59  5:21  SCV  
  59  5:22  Starport Reactor  
  59  5:26  SCV  
  59  5:28  SCV  
  62  5:32  Barracks x2  
  62  5:33  SCV  
  61  5:38  SCV  
  61  5:39  Refinery  
  61  5:40  Terran Infantry Weapons Level 1, SCV, Terran Infantry Armor Level 1  
  63  5:45  SCV, Supply Depot, Marine  
  65  5:50  SCV  
  65  5:52  SCV  
  65  5:55  Refinery, Marine x2  
  65  5:56  Marine x2  
  71  5:57  SCV  
  71  6:00  Medivac x2  
  71  6:01  Factory Tech Lab  
  71  6:02  SCV  
  77  6:06  SCV, Supply Depot  
  77  6:07  Missile Turret, Supply Depot  
  77  6:09  SCV  
  72  6:13  Missile Turret  
  72  6:15  Marine  
  72  6:18  SCV x2  
  72  6:24  Missile Turret  
  72  6:25  SCV, Marine  
  68  6:30  SCV, Siege Tank  
  68  6:32  SCV  
  73  6:37  SCV  
  73  6:39  Barracks Reactor x2  
  74  6:42  SCV  
  74  6:44  SCV  
  74  6:45  Marine x2  
  74  6:46  Marine x3  
  80  6:49  SCV  
  80  6:51  Medivac  
  80  6:52  Medivac  
  85  6:54  SCV  
  85  6:56  SCV  
  85  6:57  Supply Depot  
  85  7:01  Combat Shield, SCV  
  87  7:03  Marine x2  
  87  7:06  SCV  
  87  7:07  Marine x2  
  92  7:09  SCV, Supply Depot  
  92  7:13  SCV  
  92  7:14  Supply Depot  
  92  7:15  Siege Tank  
  97  7:16  Marine x2  
  97  7:18  SCV  
  97  7:21  SCV  
  101  7:23  Medivac  
  101  7:29  Missile Turret, Marine x4  
  105  7:32  SCV  
  105  7:33  Marine x3  
  105  7:35  Medivac, Marine  
  105  7:36  Marine  
  113  7:38  SCV  
  113  7:39  SCV  
  113  7:43  Supply Depot  
  115  7:47  Marine x2  
  115  7:48  Siege Tank  
  115  7:49  Marine x2  
  121  7:55  Medivac, Marine x2  
  121  7:56  Supply Depot  
  125  8:04  Marine x4  
  125  8:05  Marine  
  127  8:13  Marine x4  
  127  8:14  Medivac  
  121  8:22  Marine  
  121  8:23  Marine x3  
  121  8:25  SCV  
  121  8:27  SCV x2, Factory  
  120  8:30  Marine  
  120  8:31  Marine x4  
  124  8:36  Armory  
  124  8:39  Siege Tank  
  124  8:40  Marine x2  
  124  8:41  Marine x2  
  129  8:48  Medivac, Marine x2  
  134  8:49  Marine x3  
  134  8:50  Medivac  
  140  8:58  Marine x2  
  140  8:59  Marine x2  
  142  9:05  Marine  
  142  9:06  Marine x3  
  142  9:07  Marine  
  130  9:13  SCV  
  130  9:16  Marine x2  
  130  9:17  Marine x2  
  115  9:23  Marine  
  115  9:24  Marine x4  
  115  9:25  Terran Infantry Weapons Level 2  
  115  9:26  Terran Infantry Armor Level 2  
  115  9:27  SCV  
  117  9:34  Refinery, Marine x4  
  117  9:35  Widow Mine  
  125  9:39  Drilling Claws  
  125  9:41  Marine  
  125  9:42  Marine x4  
  130  9:49  Thor  
  130  9:51  Marine  
  130  9:52  Marine x3  
  136  9:55  Supply Depot  
  139  10:00  Marine x4  
  139  10:01  Concussive Shells  
  139  10:02  Marauder  
  139  10:05  Supply Depot  
  144  10:07  Supply Depot  
  144  10:09  Marine  
  145  10:17  Widow Mine  
  147  10:22  Marine x2  
  147  10:24  Supply Depot, Marine x5  
  155  10:30  Marauder  
  155  10:32  Thor  
  155  10:34  Marine  
  163  10:39  Marine  
  163  10:40  Marine  
  163  10:42  Medivac, Marine x5  
  170  10:45  Medivac  
  170  10:46  Supply Depot  
  174  10:51  Marauder  
  174  10:54  Marine  
  177  10:57  Marine  
  177  11:04  Widow Mine  
  180  11:05  Supply Depot  
  180  11:11  Marine x6  
  182  11:12  Marine  
  182  11:13  Marauder  
  182  11:15  Marine  
  190  11:28  Marine  
  191  11:34  Marauder  
  183  11:40  Marine x3  
  183  11:42  Terran Infantry Weapons Level 3  
  183  11:43  Terran Infantry Armor Level 3  
  178  11:48  Marine x2  
  178  11:50  Widow Mine  
  178  11:53  Marine  
  178  11:54  Widow Mine, Marine x2  
  185  11:55  Marauder  
  144  12:04  Marine x3  
  137  12:09  Marine  
  137  12:14  Thor  
  142  12:17  Marauder  
  142  12:19  Marine  
  127  12:30  Marine  
  127  12:31  Marine  
  119  12:38  Marauder  
  119  12:43  Widow Mine, Marine x2  
  109  12:50  Marine x5  
  109  12:51  Marine  
  114  12:53  Barracks  
  114  12:54  Barracks  
  114  12:57  Barracks, Thor  
  120  12:59  Marauder  
  120  13:00  Medivac  
  120  13:01  Medivac, Orbital Command, Marine  
  120  13:05  Widow Mine  
  129  13:10  Marine x4  
  129  13:12  Marine x3  
  136  13:19  Marine  
  137  13:21  Marauder  
  139  13:28  Marine  
  139  13:30  Marine x4  
  139  13:31  Marine x2  
  146  13:38  Widow Mine  
  149  13:42  Marauder, Barracks Tech Lab  
  149  13:43  Marine  
  149  13:47  Barracks Tech Lab  
  151  13:49  Marine x6  
  151  13:50  Marine  
  158  14:00  Marine  
  159  14:04  Marauder x2  
  159  14:07  Marine x3  
  159  14:09  Marine x4, Marauder  
  172  14:12  Widow Mine  
  172  14:14  Widow Mine  
  176  14:18  Marine  
  177  14:25  Marauder x2  
  177  14:30  Marauder  
  166  14:32  Marine  
  133  14:41  Marine x3  
  133  14:42  Marine x2  
  128  14:46  Marine x2, Marauder  
  128  14:47  Marauder  
  128  14:50  Marine  
  128  14:52  Marauder  
  137  14:53  Missile Turret  
  137  14:56  Widow Mine  
  137  14:59  Marine x3  
  142  15:00  Marine  
  142  15:04  Marine x2  
  145  15:08  Marauder x2  
  145  15:09  Marine  
  145  15:13  Marauder  
  134  15:15  Marine  
  134  15:18  Marine x2  
  117  15:23  Marine  
  117  15:25  Marine  
  104  15:29  Marauder x2  
  104  15:32  Widow Mine x2  
  104  15:34  Marauder  
  114  15:37  Marine x4  
  114  15:38  Marine  
  119  15:43  Marine x3  
  119  15:47  Orbital Command  
  122  15:50  Marine x2  
  122  15:54  Marine  
  122  15:55  Marine  
  122  15:56  Marauder  
  128  16:00  Widow Mine  
  130  16:07  Marine  
  130  16:08  Marauder  
  130  16:09  Marauder  
  132  16:13  Marine  
  132  16:16  Marine  
  132  16:17  Marauder, Marine  
  132  16:18  Marine  
  121  16:22  Marine  
  101  16:30  Marauder  
  103  16:33  SCV  
  104  16:42  Marine x2, Marauder  
  108  16:47  Marine x2  
  108  16:53  Marine x2  
  108  16:57  Marine  
  108  17:01  Marine  
Show
View Real Time Build Order
Export as new Build Order

Dark Zerg 

Build Orders: Pool First 

Get SALT Encoding   

  12  0:03  Drone  
  13  0:16  Overlord  
  13  0:18  Drone  
  14  0:34  Drone x2  
  16  0:38  Drone  
  17  0:48  Extractor  
  16  0:50  Drone  
  16  0:51  Spawning Pool  
  16  0:59  Drone  
  17  1:11  Drone  
  18  1:18  Hatchery  
  17  1:22  Drone  
  18  1:31  Drone  
  19  1:38  Queen  
  21  1:42  Zergling x2  
  22  1:47  Metabolic Boost  
  22  1:55  Overlord  
  22  2:14  Queen  
  24  2:16  Drone x2  
  26  2:27  Zergling x2  
  28  2:30  Zergling x2, Queen  
  30  2:37  Overlord  
  30  2:40  Drone  
  31  2:47  Drone x3  
  34  2:52  Drone  
  34  2:56  Lair  
  34  2:57  Drone  
  36  3:06  Queen  
  36  3:07  Overlord  
  38  3:13  Drone x2  
  38  3:14  Extractor  
  38  3:15  Drone  
  40  3:23  Zergling x2  
  40  3:27  Drone  
  40  3:29  Drone x3  
  40  3:30  Drone  
  40  3:34  Zergling x2  
  46  3:35  Drone  
  46  3:40  Drone x2  
  48  3:44  Queen  
  49  3:48  Drone  
  49  3:55  Drone  
  51  3:58  Drone  
  51  3:59  Spire  
  51  4:00  Extractor, Drone  
  51  4:01  Extractor  
  50  4:03  Drone  
  50  4:05  Zergling x2  
  50  4:06  Overlord  
  52  4:20  Overlord  
  52  4:25  Zergling x2  
  52  4:26  Zergling x2  
  52  4:27  Drone  
  52  4:28  Drone  
  52  4:29  Zergling x4  
  60  4:31  Baneling Nest  
  60  4:36  Overlord  
  59  4:45  Drone x4  
  61  4:46  Drone  
  63  4:53  Overlord  
  61  5:00  Hatchery  
  60  5:10  Mutalisk x4  
  60  5:11  Mutalisk  
  70  5:14  Mutalisk  
  70  5:19  Drone x2  
  74  5:21  Zerg Flyer Weapons Level 1  
  74  5:23  Drone  
  74  5:25  Drone  
  76  5:37  Centrifugal Hooks, Drone x3  
  76  5:39  Drone x3  
  82  5:45  Drone  
  82  5:49  Overlord x2  
  83  5:53  Overlord  
  83  5:56  Overlord  
  83  6:00  Baneling x5  
  83  6:02  Overlord  
  83  6:13  Drone x6  
  83  6:14  Drone  
  90  6:25  Mutalisk x3  
  94  6:28  Mutalisk  
  94  6:30  Overlord  
  94  6:31  Overlord  
  98  6:34  Overlord  
  98  6:38  Extractor x2  
  98  6:39  Drone x3, Evolution Chamber  
  98  6:41  Mutalisk  
  98  6:42  Evolution Chamber  
  98  6:45  Mutalisk  
  101  6:52  Drone x3  
  104  6:55  Zergling x8  
  104  7:00  Drone  
  104  7:01  Drone x2  
  111  7:04  Zergling x2, Baneling x2  
  111  7:05  Zergling x2  
  113  7:09  Zerg Melee Weapons Level 1, Zerg Ground Armor Level 1  
  113  7:13  Zergling x6  
  116  7:18  Hatchery  
  116  7:19  Drone  
  116  7:21  Mutalisk  
  116  7:22  Zergling x2  
  119  7:29  Mutalisk x2  
  123  7:30  Zergling x6  
  123  7:35  Zergling x4  
  128  7:38  Zergling x4  
  128  7:40  Zergling x2  
  128  7:42  Zergling x4  
  133  7:50  Mutalisk  
  133  7:51  Hatchery, Mutalisk x2  
  134  7:54  Zerg Flyer Weapons Level 2  
  134  7:58  Zergling x4  
  140  7:59  Baneling x2  
  140  8:01  Zergling x2  
  140  8:02  Zergling x4  
  140  8:04  Baneling  
  140  8:05  Zergling x2, Baneling x3  
  144  8:12  Zergling x6  
  145  8:13  Baneling x2  
  139  8:23  Zergling x6  
  139  8:24  Zergling x14  
  139  8:25  Baneling x6  
  139  8:26  Zergling x2  
  138  8:32  Zergling x8  
  142  8:35  Drone  
  142  8:36  Drone  
  142  8:40  Baneling x2  
  144  8:44  Zergling x10  
  144  8:45  Baneling x3  
  147  8:49  Zergling x2  
  147  8:50  Zergling x8  
  147  8:53  Zergling x4  
  147  8:55  Zergling x4  
  155  8:57  Zergling x2  
  155  8:59  Zergling x4  
  135  9:13  Zergling x6  
  135  9:14  Zergling x10  
  130  9:19  Zergling x6  
  130  9:20  Baneling x12  
  130  9:23  Zergling x16  
  141  9:26  Baneling x2  
  141  9:28  Zergling x8  
  145  9:33  Drone  
  145  9:35  Drone x2  
  147  9:43  Zergling x12  
  147  9:44  Zerg Melee Weapons Level 2  
  153  9:48  Zergling x2  
  153  9:49  Zergling x10  
  159  9:53  Baneling x4  
  159  9:55  Zergling x8  
  163  10:02  Zergling x4  
  163  10:04  Overlord  
  165  10:09  Drone  
  165  10:12  Zerg Flyer Armor Level 1  
  166  10:17  Overlord  
  166  10:25  Drone x5  
  166  10:27  Zergling x10  
  174  10:34  Overlord x2  
  174  10:35  Overlord x2  
  174  10:44  Pneumatized Carapace, Overseer  
  174  10:48  Mutalisk x4  
  182  10:53  Mutalisk x7  
  196  10:57  Mutalisk x2  
  196  11:01  Baneling x5  
  200  11:08  Overseer  
  200  11:11  Overseer  
  200  11:19  Baneling  
  200  11:21  Hatchery  
  200  11:22  Baneling x8  
  200  11:24  Zergling x10  
  200  11:29  Baneling x5  
  200  11:37  Baneling  
  194  11:43  Baneling x8  
  194  11:44  Zergling x8  
  194  11:45  Zergling x4  
  200  11:52  Zergling x4  
  136  12:01  Zergling x2  
  136  12:02  Zergling x10  
  136  12:03  Zergling x42  
  136  12:05  Zergling x4  
  136  12:08  Baneling x10  
  158  12:09  Baneling x3  
  158  12:11  Zergling x8  
  161  12:18  Zergling x14  
  161  12:20  Zergling x2  
  158  12:26  Mutalisk  
  158  12:27  Mutalisk x2  
  158  12:29  Mutalisk x3  
  139  12:36  Mutalisk  
  140  12:41  Zergling x12  
  140  12:42  Zergling x8  
  152  12:45  Zergling x4  
  152  12:47  Mutalisk  
  152  12:48  Zergling x2  
  155  12:52  Drone x4  
  155  12:54  Drone x2  
  161  13:02  Drone x3  
  161  13:03  Extractor  
  161  13:04  Zerg Ground Armor Level 2  
  163  13:06  Zergling x6  
  163  13:07  Zergling x6  
  163  13:11  Zergling x4  
  163  13:12  Drone  
  172  13:19  Zergling x2  
  177  13:20  Zergling x8  
  177  13:21  Baneling x8  
  177  13:22  Baneling x5  
  177  13:25  Overseer  
  177  13:26  Zergling x2  
  177  13:27  Zergling x4  
  176  13:30  Baneling  
  176  13:31  Baneling x2  
  176  13:32  Zergling x2  
  176  13:33  Zergling x12  
  183  13:36  Zergling x10  
  183  13:37  Baneling x2  
  188  13:48  Zergling x14  
  195  13:53  Zergling x8  
  199  13:57  Infestation Pit  
  198  14:03  Baneling x2  
  198  14:04  Baneling x7  
  198  14:05  Baneling x2  
  198  14:07  Overlord  
  198  14:10  Baneling x3  
  198  14:16  Baneling x3  
  193  14:30  Zergling x40  
  151  14:42  Zergling x12  
  136  14:47  Zergling x8  
  136  14:49  Baneling x2  
  136  14:50  Baneling x10  
  140  14:55  Hive, Queen  
  140  14:56  Zergling x20  
  140  14:57  Hatchery  
  152  15:00  Zergling x2  
  152  15:01  Baneling x5  
  152  15:02  Baneling x2  
  152  15:04  Baneling x5  
  152  15:05  Zergling x8, Baneling x2  
  155  15:09  Zergling x4  
  155  15:10  Baneling x6  
  155  15:11  Baneling x3  
  149  15:16  Zergling x8  
  149  15:17  Zergling x6  
  140  15:22  Zergling x2  
  140  15:26  Mutalisk x5  
  140  15:28  Zergling x10  
  139  15:36  Zergling x8  
  139  15:37  Baneling x2  
  139  15:38  Baneling  
  139  15:40  Zergling x6  
  145  15:46  Zergling x2  
  145  15:47  Zergling x6  
  149  15:50  Baneling x8  
  149  15:51  Zergling x4  
  149  15:53  Hatchery  
  149  15:54  Baneling  
  149  15:55  Baneling  
  149  15:56  Corruptor, Baneling  
  152  15:57  Zergling x4  
  152  16:00  Baneling x4  
  152  16:01  Zergling x4  
  155  16:06  Zergling x2  
  155  16:07  Corruptor, Zergling x4  
  155  16:10  Zergling x6  
  156  16:12  Zergling x4  
  156  16:16  Zergling x8  
  144  16:24  Zergling x18  
  120  16:27  Baneling x4  
  120  16:28  Zergling x2  
  120  16:31  Zergling x6  
  114  16:32  Zergling x2  
  114  16:33  Zergling x2  
  114  16:34  Zergling x2  
  109  16:40  Zergling x2  
  109  16:41  Zergling x4  
  109  16:43  Zergling x2  
  99  16:52  Zergling x6  
  97  16:57  Zergling x2  
  85  17:01  Baneling x2  
  85  17:02  Baneling x2  
  85  17:03  Zergling x6  

Tags
 
Add a new tag
Caveats
  • Supply blocks, unpowered buildings, or Contaminate may cause inaccurate times.
  • Supply counts are checked every 10 seconds.